[Event "Titled Tuesday Blitz May 30 Late 2023"]
[White "Vaglio Munoz, Jaime"]
[Black "D`Arruda, Ricardo D."]
[WhiteFideId "6500145"]
[BlackFideId "100692"]
[WhiteElo "2199"]
[BlackElo "2508"]
[Result "0-1"]
[Round "02"]
[TimeControl "180+2"]
[Date "2023.05.31"]
[WhiteClock "0:00:09"]
[BlackClock "0:00:49"]

1. Nf3 d5 2. c4 Nf6 3. cxd5 Nxd5 4. g3 g6 5. Bg2 Bg7 6. O-O Nc6 7. Nc3 Nb6 8. d3 O-O 9. Be3 e5 10. Rc1 Be6 11. Ng5 Bd7 12. Nge4 Nd4 13. Nc5 Bc6 14. Nxb7 Qc8 15. Nc5 Bxg2 16. Kxg2 Nd7 17. Bxd4 exd4 18. N3e4 Nb6 19. b3 Re8 20. h4 h5 21. a4 Nd5 22. Qd2 Nc3 23. Nxc3 dxc3 24. Qc2 Qf5 25. b4 a5 26. e4 Qe5 27. f4 Qe7 28. e5 axb4 29. d4 Qd8 30. Qe4 Rb8 31. d5 Bf8 32. Nb3 Qd7 33. a5 Qa4 34. Rb1 Rbd8 35. Rfd1 Qa2+ 36. Kh1 c2 37. Rdc1 cxb1=Q 38. Rxb1 Qa4 39. Qc4 Qd7 40. Rd1 Qh3+ 41. Kg1 Qxg3+ 42. Kf1 Qf3+ 43. Ke1 Bh6 44. Rd4 Qg3+ 45. Ke2 Qxh4 46. a6 Qh2+ 47. Ke1 h4 48. Rd2 Qh1+ 49. Ke2 h3 50. Rd1 Qg2+ 51. Kd3 Qxd5+ 52. Nd4 c5 53. Qxd5 Rxd5 54. Ra1 Rxd4+ 55. Ke3 Rxe5+ 56. Kf3 Rd3+ 57. Kg4 Re8 58. a7 Rdd8 59. f5 b3 60. fxg6 fxg6 61. Ra6 Kh7 62. a8=Q Rxa8 63. Rd6 h2 64. Rd7+ Bg7 65. Rd1 Ra1 66. Rd2 h1=Q 67. Rh2+ Qxh2 68. Kg5 Qg3# 0-1


[Site "https://www.chess.com"]

[Event "Titled Tuesday Blitz May 30 Late 2023"]
[White "Dragomirescu, Robin-Alexandru"]
[Black "Bashkansky, Ethan"]
[WhiteFideId "1213849"]
[BlackFideId "2071533"]
[WhiteElo "2356"]
[BlackElo "2314"]
[Result "1-0"]
[Round "02"]
[TimeControl "180+2"]
[Date "2023.05.31"]
[WhiteClock "0:00:49"]
[BlackClock "0:00:01"]

1. b3 f5 2. Bb2 e6 3. c4 Nf6 4. Nc3 b6 5. g3 Bb7 6. Nf3 Bxf3 7. exf3 Be7 8. f4 O-O 9. Bg2 c6 10. O-O Na6 11. d4 Nc7 12. d5 exd5 13. cxd5 cxd5 14. Nxd5 Nfxd5 15. Bxd5+ Nxd5 16. Qxd5+ Kh8 17. Rad1 d6 18. Rfe1 Rc8 19. Rd2 Rc7 20. h4 Rd7 21. h5 Bf6 22. Bxf6 Rxf6 23. Re6 h6 24. Kg2 Kh7 25. Rde2 Rxe6 26. Rxe6 Qf8 27. g4 Qf7 28. g5 hxg5 29. fxg5 Qxh5 30. Qxf5+ g6 31. Rxg6 Kh8 32. Qf8+ Kh7 33. Qg8# 1-0


[Site "https://www.chess.com"]

[Event "Titled Tuesday Blitz May 30 Late 2023"]
[White "ibove"]
[Black "Senft, Sean"]
[BlackFideId "2044960"]
[WhiteElo "2310"]
[BlackElo "1989"]
[Result "0-1"]
[Round "02"]
[TimeControl "180+2"]
[Date "2023.05.31"]
[WhiteClock "0:00:24"]
[BlackClock "0:00:04"]

1. e4 c5 2. c3 d5 3. exd5 Qxd5 4. Nf3 Nf6 5. Qb3 Qxb3 6. axb3 Nc6 7. Bb5 Bd7 8. O-O e6 9. Re1 Be7 10. Na3 O-O 11. Nc2 a6 12. Bf1 Rfd8 13. d4 cxd4 14. Nfxd4 Bc5 15. Be3 Ng4 16. Nxc6 Nxe3 17. Nxd8 Nxc2 18. Nxb7 Be7 19. Red1 Bc8 20. Rxa6 Bxb7 21. Rxa8+ Bxa8 22. Bd3 Nb4 23. cxb4 Bxb4 24. Kf1 Kf8 25. Bxh7 Bd5 26. Bc2 Ke7 27. f3 g5 28. Ke2 f5 29. Rd4 Bd6 30. Ra4 Bxh2 31. Ra7+ Kf6 32. Rh7 Bd6 33. Rh1 g4 34. Rd1 Ke5 35. fxg4 fxg4 36. Re1 Kf6 37. Rf1+ Kg5 38. Kd3 Bxg2 39. Re1 Bd5 40. Kd4 g3 41. Be4 Bxe4 42. Kxe4 Kg4 43. Ke3 Bc5+ 44. Ke2 g2 45. b4 g1=Q 46. Rxg1+ Bxg1 47. Kd3 Kf5 48. Kc4 e5 49. Kb5 e4 50. Kc4 e3 51. b5 e2 52. Kd3 e1=Q 0-1


[Site "https://www.chess.com"]

[Event "Titled Tuesday Blitz May 30 Late 2023"]
[White "Baches Garcia, Guillermo"]
[Black "Sarkar, Justin"]
[WhiteFideId "2209764"]
[BlackFideId "2010011"]
[WhiteElo "2505"]
[BlackElo "2168"]
[Result "1-0"]
[Round "02"]
[TimeControl "180+2"]
[Date "2023.05.31"]
[WhiteClock "0:00:16"]
[BlackClock "0:00:01"]

1. e4 c5 2. Nf3 d6 3. d4 cxd4 4. Nxd4 Nf6 5. Nc3 a6 6. f3 e5 7. Nb3 Be6 8. Be3 h5 9. Nd5 Bxd5 10. exd5 Nbd7 11. Qd2 g6 12. O-O-O Bg7 13. h3 Rc8 14. Kb1 h4 15. Be2 Nh5 16. Rhe1 Kf8 17. c4 b6 18. Rc1 a5 19. Na1 Nc5 20. Nc2 f5 21. Na3 Kf7 22. Nb5 Qe7 23. Bd1 Rhd8 24. Bc2 Kg8 25. a3 a4 26. Ka2 Kh7 27. Re2 Qf8 28. Bg5 Bh6 29. Bxh6 Qxh6 30. Qd1 Ng3 31. Re1 Ra8 32. Nc3 Qf4 33. Bd3 Qd4 34. Bf1 Qf2 35. Rc2 Qd4 36. Nb5 1-0


[Site "https://www.chess.com"]

[Event "Titled Tuesday Blitz May 30 Late 2023"]
[White "lluiss"]
[Black "Liu, Casper"]
[BlackFideId "1454153"]
[WhiteElo "2303"]
[BlackElo "2221"]
[Result "0-1"]
[Round "02"]
[TimeControl "180+2"]
[Date "2023.05.31"]
[WhiteClock "0:00:20"]
[BlackClock "0:01:30"]

1. Nf3 d6 2. d4 Nc6 3. g3 Bd7 4. Bg2 Qc8 5. d5 Ne5 6. Nxe5 dxe5 7. h3 Nf6 8. c4 h5 9. Qb3 h4 10. g4 g6 11. Bg5 Bg7 12. d6 Rb8 13. dxe7 b5 14. c5 Kxe7 15. Nc3 c6 16. Ne4 Be6 17. Qc3 Qc7 18. Nd6 Kf8 19. e4 b4 20. Qe3 Nd7 21. Qc1 Kg8 22. Be3 Bf8 23. Qd2 Qa5 24. O-O Nxc5 25. Nc4 Bxc4 0-1


[Site "https://www.chess.com"]

[Event "Titled Tuesday Blitz May 30 Late 2023"]
[White "Remolar Gallen, Jose"]
[Black "Dragomirescu, Calin"]
[WhiteFideId "2215187"]
[BlackFideId "1200895"]
[WhiteElo "2223"]
[BlackElo "2010"]
[Result "0-1"]
[Round "02"]
[TimeControl "180+2"]
[Date "2023.05.31"]
[WhiteClock "0:00:03"]
[BlackClock "0:00:42"]

1. e4 g6 2. d4 Bg7 3. Nc3 d6 4. f4 Nf6 5. Nf3 O-O 6. Bd3 Na6 7. O-O c5 8. e5 Nd7 9. Ne4 cxd4 10. exd6 exd6 11. Nxd6 Ndc5 12. Nxc8 Rxc8 13. Bd2 Nxd3 14. cxd3 Nc5 15. Bb4 b6 16. Rc1 Re8 17. Bxc5 bxc5 18. Re1 Qd5 19. Qc2 Qxa2 20. Rxe8+ Rxe8 21. Re1 Rxe1+ 22. Nxe1 Qd5 23. Nf3 h5 24. Nd2 Bh6 25. g3 h4 26. Ne4 Kg7 27. Qxc5 Qxc5 28. Nxc5 hxg3 29. hxg3 g5 30. f5 g4 31. Ne4 Kf8 32. Kf2 Ke7 33. Ke2 Be3 34. Kd1 a6 35. Kc2 Kd7 36. Kb3 Kc6 37. Kc4 Kb6 38. b4 Kc6 39. Nc5 Bf2 40. Ne4 Be1 41. Kb3 Kd5 42. Ka4 Ke5 43. Ka5 Kxf5 44. Kxa6 Bxb4 45. Kb5 Be1 46. Kc4 Ke5 47. Kc5 f5 48. Nd6 Bxg3 49. Nc4+ Kf4 50. Kxd4 Bf2+ 51. Kc3 g3 52. d4 g2 53. d5 g1=Q 54. d6 Bd4+ 55. Kb3 Qb1+ 56. Ka4 Qc2+ 57. Kb5 Qb3+ 58. Kc6 Qxc4+ 0-1


[Site "https://www.chess.com"]

[Event "Titled Tuesday Blitz May 30 Late 2023"]
[White "StarkyNZ"]
[Black "Kubicka, Anna"]
[BlackFideId "1152254"]
[WhiteElo "2300"]
[BlackElo "2144"]
[Result "1/2-1/2"]
[Round "02"]
[TimeControl "180+2"]
[Date "2023.05.31"]
[WhiteClock "0:01:18"]
[BlackClock "0:01:41"]

1. d4 Nf6 2. c4 c5 3. d5 e6 4. Nc3 exd5 5. cxd5 d6 6. e4 g6 7. Nf3 Bg7 8. Bb5+ Bd7 9. Bd3 O-O 10. a4 Na6 11. Bf4 Bg4 12. h3 Bxf3 13. Qxf3 Nb4 14. O-O Nxd3 15. Qxd3 Re8 16. Rfe1 a6 17. a5 Nh5 18. Bh2 Be5 19. Bxe5 Rxe5 20. Qf3 Qg5 21. Re3 Rae8 22. Rae1 Nf4 23. Na4 f5 24. exf5 Rxe3 25. Rxe3 Rxe3 26. fxe3 Nxg2 27. Qxg2 Qxe3+ 28. Kh1 Qe1+ 29. Kh2 Qe5+ 30. Kh1 Qe1+ 31. Kh2 Qe5+ 32. Kh1 Qe1+ 1/2-1/2


[Site "https://www.chess.com"]

[Event "Titled Tuesday Blitz May 30 Late 2023"]
[White "Luo, Terry"]
[Black "Ardila, Oscar Humberto"]
[WhiteFideId "30931045"]
[BlackFideId "4404742"]
[WhiteElo "2265"]
[BlackElo "1918"]
[Result "0-1"]
[Round "02"]
[TimeControl "180+2"]
[Date "2023.05.31"]
[WhiteClock "0:00:09"]
[BlackClock "0:00:05"]

1. e4 e5 2. Nf3 Nc6 3. Bc4 Nf6 4. d3 Bc5 5. c3 d6 6. O-O h6 7. a4 a6 8. Be3 Ba7 9. Bxa7 Rxa7 10. Nbd2 O-O 11. h3 Ne7 12. Re1 Ng6 13. Nf1 Qe7 14. Ng3 Ra8 15. a5 Be6 16. Bxe6 Qxe6 17. d4 exd4 18. cxd4 Rfe8 19. Qc2 c6 20. b4 Rad8 21. Rad1 Qc8 22. Nf5 Ne7 23. Nxe7+ Rxe7 24. Nh4 g6 25. Qc1 Kg7 26. e5 dxe5 27. dxe5 Nd5 28. Qc5 Rde8 29. Nf3 Qf5 30. Re2 Nf4 31. Re3 g5 32. Rd6 Ne6 33. Qc3 Qb1+ 34. Kh2 Qf1 35. Qd2 Nf4 36. Ne1 Rxe5 37. Qd4 f6 38. Rd7+ Kg6 39. Rxb7 Rxe3 40. fxe3 Qf2 41. Qd7 Rxe3 42. Qf7+ Kf5 43. Qh7+ Ng6 44. Nf3 Rxf3 45. Rd7 Qg3+ 46. Kg1 Qf2+ 47. Kh2 Qg3+ 48. Kg1 Qf2+ 49. Kh1 Qe1+ 50. Kh2 Qe5+ 51. Kg1 Qe3+ 52. Kh2 Qf4+ 53. Kg1 Rf1# 0-1


[Site "https://www.chess.com"]

[Event "Titled Tuesday Blitz May 30 Late 2023"]
[White "Toncheva, Nadya"]
[Black "Bulgurlu, Okan"]
[WhiteFideId "2924056"]
[BlackFideId "6352316"]
[WhiteElo "2101"]
[BlackElo "2294"]
[Result "1-0"]
[Round "02"]
[TimeControl "180+2"]
[Date "2023.05.31"]
[WhiteClock "0:01:26"]
[BlackClock "0:01:36"]

1. e4 c5 2. Nf3 g6 3. c3 d5 4. exd5 Qxd5 5. d4 Bg7 6. Be3 Nc6 7. Nbd2 cxd4 8. Bc4 Qa5 9. cxd4 Nf6 10. O-O O-O 11. Nb3 Qd8 12. a3 Nd5 13. Qe2 Bg4 14. h3 Bf5 15. Rfd1 a6 16. Nc5 b5 17. Ba2 Nxe3 18. fxe3 Qc7 19. Rac1 Qg3 20. Qf2 Qxf2+ 21. Kxf2 Rfc8 22. e4 Be6 23. Nxe6 fxe6 24. Bxe6+ Kf8 25. Bxc8 Rxc8 26. d5 Na7 27. Rxc8+ Nxc8 28. Nd4 Nd6 29. Ne6+ Kf7 30. Nxg7 Kxg7 31. e5 Nc4 32. d6 1-0


[Site "https://www.chess.com"]

[Event "Titled Tuesday Blitz May 30 Late 2023"]
[White "Dubreuil, Julien"]
[Black "Janaszak, Dawid"]
[WhiteFideId "621285"]
[BlackFideId "1119206"]
[WhiteElo "2292"]
[BlackElo "2220"]
[Result "0-1"]
[Round "02"]
[TimeControl "180+2"]
[Date "2023.05.31"]
[WhiteClock "0:00:13"]
[BlackClock "0:00:15"]

1. e4 c5 2. Nf3 Nc6 3. d4 cxd4 4. Nxd4 e5 5. Nb5 d6 6. N5a3 Nf6 7. Nc3 Be7 8. Bg5 O-O 9. Bxf6 Bxf6 10. Bc4 a6 11. Nd5 b5 12. Nxf6+ Qxf6 13. Bd5 Bb7 14. c3 Rab8 15. Nc2 Ne7 16. Bxb7 Rxb7 17. Ne3 b4 18. Nd5 Nxd5 19. Qxd5 Rb5 20. Qc6 bxc3 21. bxc3 Rfb8 22. O-O R5b6 23. Qc4 g6 24. Rad1 Kg7 25. Rd2 h5 26. h3 g5 27. a4 g4 28. hxg4 hxg4 29. Qe2 Qg5 30. a5 Rb5 31. Rd5 Rxd5 32. exd5 Rb5 33. Qe4 Rxa5 34. f4 exf4 35. Rxf4 Ra1+ 36. Kf2 g3+ 37. Ke2 Qh5+ 38. Rg4+ Kf8 39. Kd3 Qh1 40. Qe2 Qb1+ 41. Ke3 Qg1+ 42. Kf3 Rf1+ 43. Kxg3 Rf6 44. Qe4 Qf2+ 45. Kh3 Rh6+ 46. Rh4 Rg6 47. Rh8+ Kg7 48. Qh4 Qxg2# 0-1


[Site "https://www.chess.com"]

[Event "Titled Tuesday Blitz May 30 Late 2023"]
[White "KVAIDAN"]
[Black "Ljukin, Sergei"]
[BlackFideId "14102200"]
[WhiteElo "2290"]
[BlackElo "2312"]
[Result "0-1"]
[Round "02"]
[TimeControl "180+2"]
[Date "2023.05.31"]
[WhiteClock "0:02:25"]
[BlackClock "0:02:08"]

1. f4 d5 2. Nf3 Nf6 3. e3 Bf5 4. Be2 e6 5. O-O Bc5 6. b3 Nc6 7. Bb2 d4 8. exd4 Nxd4 9. Kh1 Nxc2 10. d4 Be7 11. Nh4 Nxa1 12. Nxf5 exf5 13. Bxa1 Nd5 14. Bd3 Ne3 15. Qe2 Nxf1 16. Bxf5 O-O 17. Qxf1 Bf6 18. Qd3 g6 19. Be4 c5 20. Bxb7 Rb8 21. Ba6 Bxd4 22. Bxd4 Qxd4 23. Nd2 Qxd3 24. Bxd3 Rfd8 0-1


[Site "https://www.chess.com"]

[Event "Titled Tuesday Blitz May 30 Late 2023"]
[White "Jovic, Stanoje"]
[Black "The_Straightforward_Rook"]
[WhiteFideId "905020"]
[WhiteElo "2236"]
[BlackElo "2283"]
[Result "1-0"]
[Round "02"]
[TimeControl "180+2"]
[Date "2023.05.31"]
[WhiteClock "0:01:31"]
[BlackClock "0:01:42"]

1. c4 e5 2. g3 Nf6 3. Bg2 c6 4. d4 e4 5. Nc3 d5 6. Qb3 Nbd7 7. f3 exf3 8. Nxf3 dxc4 9. Qxc4 Be7 10. e4 O-O 11. O-O c5 12. d5 Ng4 13. Bf4 a6 14. h3 b5 15. Qe2 Ngf6 16. e5 Ne8 17. d6 Nxd6 18. exd6 Bf6 19. Nd5 Bb7 20. Nxf6+ Qxf6 21. Qe7 Rad8 22. Qxf6 Nxf6 23. Rad1 h6 24. Ne5 Bxg2 25. Kxg2 c4 26. Nc6 Rd7 27. Bxh6 Ne4 28. Bf4 Nc5 29. Ne7+ Kh7 30. Rd5 Nd3 31. Rh5# 1-0


[Site "https://www.chess.com"]

[Event "Titled Tuesday Blitz May 30 Late 2023"]
[White "Wang, Alexander J"]
[Black "Balla, Tamas-Kristof"]
[WhiteFideId "30955270"]
[BlackFideId "1208497"]
[WhiteElo "2272"]
[BlackElo "2334"]
[Result "0-1"]
[Round "02"]
[TimeControl "180+2"]
[Date "2023.05.31"]
[WhiteClock "0:01:22"]
[BlackClock "0:01:31"]

1. e4 c5 2. Nf3 Nc6 3. d4 cxd4 4. Nxd4 e5 5. Ne2 Nf6 6. Nbc3 Bb4 7. Bd2 d6 8. g3 Bg4 9. Bg2 Nd4 10. h3 Bf3 11. Bxf3 Nxf3+ 12. Kf1 Nxd2+ 13. Qxd2 Nxe4 14. Qd3 Nxc3 15. Nxc3 O-O 16. Kg2 Rc8 17. Nd5 Bc5 18. c3 f5 19. Qc4 Kh8 20. Qb3 f4 21. g4 Qh4 22. Raf1 f3+ 0-1


[Site "https://www.chess.com"]

[Event "Titled Tuesday Blitz May 30 Late 2023"]
[White "Karas, Marek"]
[Black "Harish, Neeraj"]
[WhiteFideId "14928558"]
[BlackFideId "30958130"]
[WhiteElo "2233"]
[BlackElo "1879"]
[Result "1-0"]
[Round "02"]
[TimeControl "180+2"]
[Date "2023.05.31"]
[WhiteClock "0:00:19"]
[BlackClock "0:00:02"]

1. e4 c5 2. d4 cxd4 3. c3 Nf6 4. e5 Nd5 5. cxd4 Nc6 6. Nc3 Nxc3 7. bxc3 d5 8. Ba3 Bf5 9. Nf3 Rc8 10. Qb3 Qd7 11. Be2 e6 12. Bxf8 Kxf8 13. O-O h6 14. Rfd1 Kg8 15. h3 Kh7 16. Rac1 Na5 17. Qa3 b6 18. g4 Be4 19. Nd2 Bg6 20. h4 f6 21. exf6 gxf6 22. c4 Nxc4 23. Nxc4 dxc4 24. Bxc4 e5 25. Qf3 e4 26. Qf4 Kg7 27. Bb3 Rhf8 28. d5 Rxc1 29. Rxc1 Rc8 30. Rxc8 Qxc8 31. Kh2 Qd7 32. d6 f5 33. Qe5+ Kh7 34. h5 Bf7 35. Bxf7 Qxf7 36. Qxf5+ Kg7 37. Qxf7+ Kxf7 38. g5 hxg5 39. h6 g4 40. h7 g3+ 41. Kxg3 1-0


[Site "https://www.chess.com"]

[Event "Titled Tuesday Blitz May 30 Late 2023"]
[White "Leschinsky, Gary"]
[Black "Goffredo_Fofi"]
[WhiteFideId "30951321"]
[WhiteElo "1855"]
[BlackElo "2479"]
[Result "1-0"]
[Round "02"]
[TimeControl "180+2"]
[Date "2023.05.31"]
[WhiteClock "0:00:37"]
[BlackClock "0:00:05"]

1. d4 g6 2. e4 Bg7 3. Nc3 c6 4. Be3 d5 5. e5 Nh6 6. f4 f6 7. Nf3 O-O 8. Be2 Ng4 9. Bg1 fxe5 10. fxe5 Bh6 11. h3 Ne3 12. Bxe3 Bxe3 13. Qd3 Bf4 14. O-O Na6 15. a3 Nc7 16. Rae1 Bf5 17. Qd1 Bg3 18. Qd2 Bxe1 19. Rxe1 Ne6 20. Qh6 Rf7 21. Bd1 Qf8 22. Qd2 Rd8 23. Nh4 Be4 24. Bg4 Bf5 25. Nxf5 gxf5 26. Bh5 Rg7 27. Rf1 Kh8 28. Ne2 Rg5 29. Bf3 Qh6 30. Qb4 Qg7 31. Qxb7 Rg8 32. Rf2 Nd8 33. Qxa7 Rg3 34. Nxg3 Qxg3 35. Qxe7 Qg7 36. Qxg7+ Rxg7 37. c3 Ne6 38. Bd1 f4 39. Bg4 Ng5 40. Rxf4 Rb7 41. b4 Ra7 42. Rf6 Rxa3 43. Rxc6 Rxc3 44. Rxc3 1-0


[Site "https://www.chess.com"]

[Event "Titled Tuesday Blitz May 30 Late 2023"]
[White "Kokoszczynski, Jan"]
[Black "Andreassen, Lars"]
[WhiteFideId "1174460"]
[BlackFideId "1504878"]
[WhiteElo "2139"]
[BlackElo "2119"]
[Result "0-1"]
[Round "02"]
[TimeControl "180+2"]
[Date "2023.05.31"]
[WhiteClock "0:01:05"]
[BlackClock "0:00:34"]

1. c4 e6 2. d4 d5 3. Nc3 c5 4. cxd5 cxd4 5. Qxd4 Nc6 6. Qa4 exd5 7. e3 Nf6 8. Nf3 Be7 9. Bb5 Bd7 10. O-O a6 11. Bxc6 Bxc6 12. Qf4 O-O 13. Rd1 Bd6 14. Qh4 h6 15. b3 Re8 16. Bb2 Ne4 17. Qxd8 Raxd8 18. Nd4 g6 19. Rac1 f5 20. g3 Kf7 21. Nce2 Bd7 22. Kg2 Rc8 23. h4 g5 24. hxg5 hxg5 25. Rxc8 Rxc8 26. Rh1 Kg6 27. Rd1 Be5 28. Ba3 Nc3 29. Nxc3 Rxc3 30. Nf3 Bf6 31. Rd2 Bc6 32. Bb2 d4 33. exd4 Bxf3+ 34. Kf1 Rc7 35. Ke1 Re7+ 36. Kf1 Rh7 0-1


[Site "https://www.chess.com"]

[Event "Titled Tuesday Blitz May 30 Late 2023"]
[White "Kielinkei"]
[Black "Escalante Ramirez, Rafael"]
[BlackFideId "3900177"]
[WhiteElo "2471"]
[BlackElo "2263"]
[Result "1-0"]
[Round "02"]
[TimeControl "180+2"]
[Date "2023.05.31"]
[WhiteClock "0:00:56"]
[BlackClock "0:00:06"]

1. d4 Nf6 2. Bg5 e6 3. Nd2 d5 4. e3 c5 5. c3 Be7 6. Bd3 b6 7. Bxf6 Bxf6 8. f4 O-O 9. Ngf3 Ba6 10. Bxa6 Nxa6 11. O-O Nb8 12. Ne5 Qc7 13. Ndf3 Nc6 14. Qe1 g6 15. g4 Bg7 16. g5 Ne7 17. Kh1 Nf5 18. Nh4 Nxh4 19. Qxh4 f6 20. Ng4 Qe7 21. gxf6 Bxf6 22. Qh3 Bg7 23. Rf2 Rf5 24. Raf1 Raf8 25. Qg3 Kh8 26. Qg2 c4 27. Rf3 b5 28. Ne5 Bxe5 29. fxe5 Rxf3 30. Rxf3 Rxf3 31. Qxf3 Kg7 32. e4 Qg5 33. exd5 Qc1+ 34. Kg2 Qxb2+ 35. Kh3 exd5 36. e6 1-0


[Site "https://www.chess.com"]

[Event "Titled Tuesday Blitz May 30 Late 2023"]
[White "Filgueira, Hernan"]
[Black "Kovacevic, Radmila"]
[WhiteFideId "101770"]
[BlackFideId "933171"]
[WhiteElo "2363"]
[BlackElo "2194"]
[Result "1-0"]
[Round "02"]
[TimeControl "180+2"]
[Date "2023.05.31"]
[WhiteClock "0:02:13"]
[BlackClock "0:01:05"]

1. d4 e5 2. dxe5 Nc6 3. Nf3 Qe7 4. Bf4 Qb4+ 5. Bd2 Qxb2 6. Nc3 Bb4 7. Rb1 Qxc3 8. Bxc3 Bxc3+ 9. Nd2 Bxe5 10. e3 Nf6 11. Bd3 O-O 12. O-O a6 13. f4 Bc3 14. Ne4 Nxe4 15. Bxe4 Bf6 16. Bd5 d6 17. e4 Bd4+ 18. Kh1 Bb6 19. e5 dxe5 20. f5 Nd4 21. f6 c6 22. Be4 Bc7 23. Qh5 g6 24. Qh6 Ne6 25. Rf3 Bd8 26. Rh3 1-0


[Site "https://www.chess.com"]

[Event "Titled Tuesday Blitz May 30 Late 2023"]
[White "Souza, Adwilhans Luciano"]
[Black "Seletsky, Grigory"]
[WhiteFideId "2101793"]
[BlackFideId "14112191"]
[WhiteElo "2288"]
[BlackElo "2491"]
[Result "1-0"]
[Round "02"]
[TimeControl "180+2"]
[Date "2023.05.31"]
[WhiteClock "0:01:37"]
[BlackClock "0:00:59"]

1. e4 c6 2. d4 d5 3. Nc3 g6 4. Nf3 Bg7 5. h3 Nh6 6. exd5 cxd5 7. Bb5+ Bd7 8. Qe2 Bc6 9. O-O O-O 10. Bd3 Nd7 11. Re1 e6 12. Bg5 Qc7 13. Nd1 Nf5 14. c3 b5 15. Bxb5 Bxb5 16. Qxb5 Rfb8 17. Qe2 a5 18. a4 Rb3 19. Nd2 Rb7 20. Qf3 Nd6 21. Bf4 Qc6 22. Re2 Nc4 23. Nxc4 Qxc4 24. Ne3 Qc6 25. Ng4 Rf8 26. Bh6 Bxh6 27. Nxh6+ Kg7 28. Ng4 h5 29. Ne5 Qc7 30. g4 Nxe5 31. dxe5 hxg4 32. Qf6+ Kg8 33. hxg4 Qd8 34. g5 Qxf6 35. gxf6 Rc8 36. Kg2 Kf8 37. Rh1 Ke8 38. Rh8+ Kd7 39. Rxc8 Kxc8 40. f4 Kd7 41. Kf3 Kc6 42. Ke3 Kc5 43. Kd3 Rb8 44. Rh2 Rb7 45. Kc2 d4 46. Rh8 dxc3 47. bxc3 Kd5 48. Kd3 Rd7 49. Rc8 1-0


[Site "https://www.chess.com"]

[Event "Titled Tuesday Blitz May 30 Late 2023"]
[White "Sanhueza, Cristian"]
[Black "Schut, Han"]
[WhiteFideId "116815"]
[BlackFideId "1005561"]
[WhiteElo "2174"]
[BlackElo "2024"]
[Result "1-0"]
[Round "02"]
[TimeControl "180+2"]
[Date "2023.05.31"]
[WhiteClock "0:00:08"]
[BlackClock "0:00:20"]

1. e4 c5 2. Nf3 d6 3. d4 cxd4 4. Nxd4 Nf6 5. Nc3 a6 6. Be3 e5 7. Nf3 Qc7 8. h3 Be7 9. Be2 Be6 10. O-O Nbd7 11. a4 Rc8 12. Qd2 Qc6 13. Ng5 O-O 14. a5 d5 15. exd5 Bxd5 16. Nxd5 Nxd5 17. c3 Nxe3 18. Qxe3 f6 19. Nf3 Rfd8 20. Rfd1 Nc5 21. Nh4 Nb3 22. Nf5 Bf8 23. Rxd8 Rxd8 24. Rd1 Rxd1+ 25. Bxd1 Nxa5 26. b4 Nc4 27. Bb3 b5 28. Qd3 Qe6 29. Ne3 Qd6 30. Qxd6 Bxd6 31. Bxc4+ bxc4 32. Nxc4 Bc7 33. Kf1 Kf7 34. Ke2 Ke6 35. Kd3 Kd5 36. f3 f5 37. Ne3+ Kd6 38. Nxf5+ Ke6 39. Nxg7+ Kf6 40. Nh5+ Kg5 41. Ng3 Kf4 42. Ne2+ Kf5 43. h4 h5 44. Ng3+ Kg6 45. Ke4 Bb8 46. c4 Bc7 47. c5 Bb8 48. Nf5 Bc7 49. Ne7+ Kf6 50. Nd5+ Ke6 51. Nxc7+ Kd7 52. Nxa6 Kc6 53. Nb8+ 1-0


[Site "https://www.chess.com"]

[Event "Titled Tuesday Blitz May 30 Late 2023"]
[White "Martinez, Ayelen"]
[Black "LangesNasenhaar"]
[WhiteFideId "118702"]
[WhiteElo "2125"]
[BlackElo "2468"]
[Result "0-1"]
[Round "02"]
[TimeControl "180+2"]
[Date "2023.05.31"]
[WhiteClock "0:00:01"]
[BlackClock "0:00:07"]

1. e4 d6 2. d4 Nf6 3. Nc3 Nbd7 4. Nf3 e5 5. g4 Nxg4 6. Rg1 Ngf6 7. Bc4 h6 8. Be3 c6 9. Qe2 b5 10. dxe5 dxe5 11. Bb3 Qc7 12. O-O-O g6 13. Kb1 Nc5 14. Bxc5 Bxc5 15. Rd2 Nh5 16. a4 a6 17. Qd1 Be7 18. a5 Nf4 19. Ne2 Ne6 20. Ng3 Nc5 21. Qe2 Nxb3 22. cxb3 Be6 23. Rc1 h5 24. Rdc2 Bd7 25. Qd3 Rd8 26. Qc3 Bf6 27. Nf1 O-O 28. Ne3 Rc8 29. Nd5 cxd5 30. Qxc7 Rxc7 31. Rxc7 Bg4 32. Nd2 Bg5 33. R1c2 Bd1 34. exd5 Bxc2+ 35. Rxc2 Rd8 36. Ne4 Be7 37. Rc7 Bb4 38. Rc6 Kg7 39. d6 Bxa5 40. Rxa6 Bb4 41. Kc2 f5 42. Ng5 Rxd6 43. Ra7+ Kf6 44. Nh7+ Ke6 45. Nf8+ Kd5 46. Nd7 Bc5 47. Rb7 Bxf2 48. Nf8 Ke4 49. Rxb5 Be3 50. Rb4+ Kf3 51. Rc4 Rd2+ 52. Kc3 Rxh2 53. Nxg6 e4 54. Ne5+ Kf4 55. Ng6+ Kg5 56. Ne7 Rh3 57. Kb4 Rg3 0-1


[Site "https://www.chess.com"]

[Event "Titled Tuesday Blitz May 30 Late 2023"]
[White "Coelho, Ramyres Santana"]
[Black "Omariev, Maksim"]
[WhiteFideId "2120690"]
[BlackFideId "4193423"]
[WhiteElo "1888"]
[BlackElo "2464"]
[Result "0-1"]
[Round "02"]
[TimeControl "180+2"]
[Date "2023.05.31"]
[WhiteClock "0:00:12"]
[BlackClock "0:00:07"]

1. e4 c5 2. Nf3 d6 3. d4 cxd4 4. Nxd4 Nf6 5. Nc3 a6 6. f3 e6 7. Be3 b5 8. Qd2 Bb7 9. O-O-O Nbd7 10. g4 h6 11. Bg2 b4 12. Nce2 d5 13. exd5 Nxd5 14. Ng3 Nxe3 15. Qxe3 Qb6 16. Rhe1 Bc5 17. Qd3 O-O-O 18. Qc4 Kb8 19. Ne4 Bd5 20. Qd3 Ne5 21. Qe3 Nc4 22. Qd3 Be7 23. b3 Na3 24. Qe2 Rd7 25. f4 Rhd8 26. f5 Rc8 27. Rd2 Rdc7 28. fxe6 fxe6 29. h3 e5 30. Nf5 Bf8 31. Ne3 Bg8 32. Rf1 Nb5 33. Rf2 Nd4 34. Qd3 Bh7 35. Nc4 Qb5 36. Kb2 a5 37. Rxf8 Rxf8 38. Nxe5 Qxd3 39. Nxd3 Rfc8 40. Ndc5 Nb5 41. Na6+ Kb7 42. Nxc7 Kxc7 43. Nc5 Na3 44. Ne6+ Kb6 45. Nd4 Rd8 46. Bf3 Nb5 47. Nxb5 Rxd2 48. a4 Rxc2+ 49. Kb1 Rf2+ 50. Ka1 Rxf3 51. Nd4 Rd3 52. Ne6 Rxb3 53. Nf4 Ra3+ 54. Kb2 Rf3 55. Nd5+ Kc5 56. Ne3 Rxe3 57. g5 Rxh3 58. gxh6 gxh6 0-1


[Site "https://www.chess.com"]

[Event "Titled Tuesday Blitz May 30 Late 2023"]
[White "Estrada Nieto, Julian"]
[Black "Gu, Ethan"]
[WhiteFideId "5101018"]
[BlackFideId "30909236"]
[WhiteElo "2161"]
[BlackElo "2242"]
[Result "1-0"]
[Round "02"]
[TimeControl "180+2"]
[Date "2023.05.31"]
[WhiteClock "0:00:03"]
[BlackClock "0:00:06"]

1. e4 c5 2. Nf3 e6 3. c3 Nf6 4. e5 Nd5 5. Bc4 Nb6 6. Bb3 c4 7. Bc2 d6 8. d4 cxd3 9. Qxd3 Nc6 10. exd6 Qxd6 11. Qe2 Be7 12. O-O e5 13. Rd1 Qc7 14. Na3 a6 15. Be3 Bg4 16. Bxb6 Qxb6 17. Nc4 Qc7 18. h3 Bh5 19. Rd5 f6 20. Rad1 Rd8 21. Rxd8+ Nxd8 22. Bb3 Bf7 23. Ne3 Bxb3 24. axb3 O-O 25. Nd5 Qd6 26. Nh4 f5 27. Nf3 Nc6 28. Nxe7+ Qxe7 29. Qc4+ Kh8 30. b4 Rc8 31. Qe2 e4 32. Nd4 Qe5 33. Nxc6 bxc6 34. Qd2 h6 35. Qd6 Qxd6 36. Rxd6 Kg8 37. Kf1 Kf7 38. Rd7+ Kf6 39. Ra7 c5 40. bxc5 Ke5 41. Rxa6 Rxc5 42. Ke2 g5 43. Ra2 Rb5 44. Kd2 f4 45. c4 Rb3 46. Kc2 Rb8 47. Ra5+ Kd4 48. b3 Rd8 49. Ra6 e3 50. fxe3+ Kxe3 51. Rxh6 Rd2+ 52. Kc3 Rxg2 53. c5 f3 54. c6 Rg1 55. Re6+ Kf4 56. Rf6+ Kg3 57. b4 Rc1+ 58. Kd4 f2 59. b5 f1=Q 60. Rxf1 Rxf1 61. c7 Rd1+ 62. Ke5 Rc1 63. b6 Kxh3 64. b7 Rxc7 65. b8=Q Rh7 66. Qg8 Rh5 67. Qg6 Kg4 68. Qe6+ Kg3 69. Qg6 Kg4 70. Kf6 Kh4 71. Qe4+ Kg3 72. Qd3+ Kg4 73. Kg6 Rh3 74. Qf5+ Kg3 75. Kxg5 Kg2 76. Qe4+ Kf2 77. Kg4 Rg3+ 78. Kh4 Rf3 79. Qc2+ Ke3 80. Kg4 Rf4+ 81. Kg5 Rf3 82. Qc1+ Ke2 83. Qb2+ Ke3 84. Qb6+ Ke4 85. Qe6+ Kd4 86. Kg4 Re3 87. Qd6+ Ke4 88. Qf4+ Kd3 89. Qf5+ Kd4 90. Kf4 Re2 91. Qd7+ Kc3 92. Qc7+ Kd3 93. Qc6 Re3 94. Qc5 Re2 95. Qa3+ Kd2 96. Qb2+ Kd3 97. Qb5+ Kd2 98. Qd7+ Kc3 99. Qc6+ Kd3 100. Qb5+ Kd2 101. Kf3 Re3+ 102. Kf2 Rd3 103. Qb2+ Kd1 104. Qe2+ Kc1 105. Qxd3 Kb2 106. Ke2 1-0


[Site "https://www.chess.com"]